 Dungeon Crawl Stone Soup version 0.31-a0-1308-ga3cce3a448 (webtiles) character file.

Game seed: 6246357129297103790

226202 grandjackal the Champion of Chaos (level 18, 0/157 HPs)
             Began as a Demonspawn Gladiator on Dec 19, 2023.
             Was the Champion of Makhleb.
             Slain by a radroach simulacrum (15 damage)
             ... on level 4 of the Spider Nest.
             The game lasted 01:04:08 (40715 turns).

grandjackal the Champion of Chaos (DsGl)           Turns: 40715, Time: 01:04:09

Health: 0/157      AC: 23    Str: 24    XL:     18   Next: 64%
Magic:  0/33       EV: 21    Int:  8    God:    Makhleb [******]
Gold:   2550       SH:  0    Dex: 20    Spells: 17/17 levels left

rFire   . .          .
                       - Unarmed
rCold   . . .        (no shield)
rNeg    + . .        Q - +0 acid dragon scales
rPois   +            p - +2 helmet of Relativism {rN+ Str+2 Dex-2}
rElec   .            u - +2 cloak {rPois}
rCorr   +            (gloves unavailable)
SInv    +            L - +2 pair of boots
Will    +....        b - amulet of regeneration
Stlth   ++++         j - +4 ring of protection
HPRegen 1.26/turn    H - ring of see invisible
MPRegen 0.46/turn

%: guardian spirit
@: no status effects
A: claws 3, thin skeletal structure 3, ignite blood 2, magic shield, magic
regeneration, magic link
}: 1/15 runes: decaying
a: Renounce Religion, Minor Destruction, Lesser Servant of Makhleb, Major
Destruction, Greater Servant of Makhleb


You were on level 4 of the Spider Nest.
You worshipped Makhleb.
Makhleb was exalted by your worship.
You visited 6 branches of the dungeon, and saw 31 of its levels.

You collected 2979 gold pieces.
You spent 429 gold pieces at shops.

Inventory:

Missiles
 d - 4 throwing nets (quivered)
 e - 10 javelins
 C - 3 curare-tipped darts
Armour
 p - the +2 helmet of Relativism (worn) {rN+ Str+2 Dex-2}
   (You took it off Robin on level 1 of the Dungeon)

   Str+2:     It affects your strength (+2).
   Dex-2:     It affects your dexterity (-2).
   rN+:       It protects you from negative energy.
 u - a +2 cloak of poison resistance (worn)
 z - a +0 chain mail of willpower
 L - a +2 pair of boots (worn)
 Q - +0 acid dragon scales (worn)
Jewellery
 b - an amulet of regeneration (around neck)
 j - a +4 ring of protection (left claw)
 v - a ring of poison resistance
 w - a ring of ice
 y - a ring of protection from cold
 H - a ring of see invisible (right claw)
 S - a ring of fire
Wands
 n - a wand of polymorph (5)
 B - a wand of flame (34)
 G - a wand of paralysis (48)
 I - a wand of digging (14)
 N - a wand of roots (24)
 P - a wand of mindburst (15)
 W - a wand of quicksilver (10)
Scrolls
 c - 6 scrolls of revelation
 f - 3 scrolls of noise
 g - 3 scrolls of enchant armour
 m - a scroll of silence
 o - 2 scrolls of torment
 q - 16 scrolls of teleportation
 r - 4 scrolls of poison
 s - 4 scrolls of identify
 t - 2 scrolls of blinking
 E - 3 scrolls of fear
 F - 3 scrolls of fog
 T - 5 scrolls of summoning
Potions
 a - 4 potions of enlightenment
 h - 5 potions of brilliance
 i - 3 potions of magic
 k - 9 potions of curing
 l - 9 potions of heal wounds
 x - 2 potions of might
 A - 5 potions of lignification
 D - a potion of cancellation
 K - 4 potions of ambrosia
 M - 3 potions of attraction
 O - 3 potions of resistance
 U - 5 potions of haste
 V - 2 potions of mutation


   Skills:
 + Level 18.1 Fighting
 - Level 2.8 Long Blades
 - Level 2.0 Throwing
 - Level 11.2 Armour
 - Level 13.6 Dodging
 + Level 16.5 Unarmed Combat
 + Level 22.2 Invocations


You had 17 spell levels left.
You didn't know any spells.
Your spell library contained the following spells:

 Spells                   Type           Power      Damage    Failure   Level
 Freeze                   Ice            0%         1d3       45%         1
 Magic Dart               Conj           0%         1d3       45%         1
 Necrotise                Necr           0%         1d4       45%         1
 Summon Small Mammal      Summ           0%         N/A       45%         1
 Call Imp                 Summ           0%         N/A       61%         2
 Scorch                   Fire           0%         2d5       61%         2
 Sublimation of Blood     Necr           0%         N/A       61%         2
 Call Canine Familiar     Summ           0%         N/A       83%         3
 Dazzling Flash           Conj/Hex       0%         N/A       83%         3
 Frozen Ramparts          Ice            0%         1d1       83%         3
 Hailstorm                Conj/Ice       0%         3d5       83%         3
 Mephitic Cloud           Conj/Pois/Air  0%         N/A       83%         3
 Ozocubu's Armour         Ice            0%         N/A       83%         3
 Summon Guardian Golem    Hex/Summ       0%         N/A       83%         3
 Vampiric Draining        Necr           0%         2d6       83%         3
 Volatile Blastmotes      Fire/Tloc      0%         2d10      83%         3
 Anguish                  Hex/Necr       0%         N/A       99%         4
 Animate Armour           Summ/Erth      0%         N/A       99%         4
 Brom's Barrelling Bould  Conj/Erth      0%         2d3       99%         4
 Cause Fear               Hex            0%         N/A       99%         4
 Flame Wave               Conj/Fire      0%         2d4       99%         4
 Petrify                  Tmut/Erth      0%         N/A       99%         4
 Summon Ice Beast         Ice/Summ       0%         N/A       99%         4
 Summon Lightning Spire   Summ/Air       0%         N/A       99%         4
 Agony                    Necr           0%         N/A       100%        5
 Fireball                 Conj/Fire      0%         3d3       100%        5
 Irradiate                Conj/Tmut      0%         3d11      100%        5
 Iskenderun's Battlesphe  Conj           0%         2d6       100%        5
 Lee's Rapid Deconstruct  Erth           0%         3d4*      100%        5
 Metabolic Englaciation   Hex/Ice        0%         N/A       100%        5
 Summon Forest            Summ/Tloc      0%         N/A       100%        5
 Summon Mana Viper        Hex/Summ       0%         N/A       100%        5
 Conjure Ball Lightning   Conj/Air       0%         3x3d6     100%        6
 Eringya's Noxious Bog    Tmut/Pois      0%         4d6       100%        6
 Simulacrum               Ice/Necr       0%         N/A       100%        6
 Starburst                Conj/Fire      0%         6d3       100%        6
 Summon Cactus Giant      Summ           0%         N/A       100%        6
 Enfeeble                 Hex            0%         N/A       100%        7
 Monstrous Menagerie      Summ           0%         N/A       100%        7
 Orb of Destruction       Conj           0%         9d5       100%        7
 Ozocubu's Refrigeration  Ice            0%         4d7       100%        7
 Spellforged Servitor     Conj/Summ      0%         N/A       100%        7
 Summon Hydra             Summ           0%         N/A       100%        7
 Maxwell's Capacitive Co  Air            0%         ∞         100%        8


Dungeon Overview and Level Annotations

Branches:
Dungeon (15/15)            Temple (1/1) D:4            Lair (5/5) D:8
  Swamp (4/4) Lair:2       Spider (4/4) Lair:2        Slime (0/5) Lair:5
    Orc (2/2) D:9             Elf (0/3) Orc:2        Vaults (0/5) D:14
 Depths (0/4) D:15

Altars:
Ashenzari
Cheibriados
Dithmenos
Fedhas
Gozag
Hepliaklqana
Kikubaaqudgha
Makhleb
Nemelex Xobeh
Okawaru
Qazlal
Ru
Sif Muna
Trog
Uskayaw
Vehumet
Wu Jian
Xom
Yredelemnul

Shops:
D:6 [   D:7 :   D:13 [   Orc:1 [((!!   Orc:2 [!*:(

Annotations:
D:8 3 runed translucent doors, HilariousDeathArtist's ghost, novice DgHs
D:10 6 transporters
D:13 3 runed translucent doors, pokeman's ghost, journeyman DEHW
Swamp:1 3 runed translucent doors, Eugor's ghost, adept DECj
Swamp:2 2 transporters, exclusion: orange crystal statue
Swamp:3 2 transporters, lotum's ghost, adept OpEE
Spider:2 3 runed translucent doors, Amauf's ghost, adept DjVM


Innate Abilities, Weirdness & Mutations

You have claws for hands.
You have an unnaturally thin skeletal structure. (Dex +6, Stealth+++)
Your demonic aura often causes spilled blood to erupt in flames.
When hurt, damage is shared between your health and your magic reserves.
You regenerate magic rapidly.
When low on magic, you restore magic in place of health.


Message History

The redback poisons you!
You claw the orb spider simulacrum! x2
The orb spider simulacrum is severely damaged.
* * * LOW HITPOINT WARNING * * *
You feel extremely sick.
The demonic crawler is engulfed in blazing flames.
The demonic crawler misses you. The demonic crawler closely misses you.
The demonic crawler misses you. The redback misses you.
You completely miss the radroach simulacrum.
* * * LOW HITPOINT WARNING * * *
You feel extremely sick. The orb spider simulacrum bites you.
* * * LOW HITPOINT WARNING * * *
The orb spider simulacrum freezes you!!
* * * LOW HITPOINT WARNING * * *
The demonic crawler is engulfed in blazing flames.
The demonic crawler hits you but does no damage.
The demonic crawler completely misses you.
The demonic crawler barely misses you.
The redback bites you but does no damage.
The radroach simulacrum barely misses you.
The radroach simulacrum claws you but does no damage.
Unknown command.
You feel much better.
* * * LOW HITPOINT WARNING * * *
You feel extremely sick.
The redback bites you but does no damage.
The demonic crawler is engulfed in blazing flames.
The demonic crawler misses you.
The demonic crawler completely misses you.
The demonic crawler barely misses you.
The orb spider simulacrum bites you but does no damage.
You feel better. The redback bites you!
* * * LOW HITPOINT WARNING * * *
The demonic crawler is engulfed in blazing flames.
The demonic crawler barely misses you. x2; The demonic crawler misses you.
The radroach simulacrum bites you.
* * * LOW HITPOINT WARNING * * *
The radroach simulacrum freezes you!
You die...

#....#.#.#......#...###..
#.#....#........#.......#
#......#......#^.^....^..
#......#......#^.##^##...
##....^#..^^#....^^.^^...
^.....^.^.#..^.....#.....
....^.#..#...............
...##...........#^.#^...^
. ##†.@Z......^##^....#
......ssZ..[............
..#....:##.....#^...#..#
......... ............##
......... .......##....
^......... ........^..^
.^...##... ...........#
.##.. ....^ ##.........
.^...^......


You could see a demonic crawler, a redback (soul bound), an orb spider
simulacrum and a radroach simulacrum.

Vanquished Creatures
  Mara (Swamp:3)
  the Lernaean hydra (Swamp:4)
  Arachne (Spider:3)
  Jorgrun (Swamp:2)
  Mlioglotl (Spider:1)
  Rupert (Lair:5)
  Asterion (Spider:2)
  A thorn hunter (Swamp:3)
  Kirke (Lair:4)
  Donald (Swamp:3)
  2 fenstrider witches (Swamp:4)
  3 emperor scorpions
  2 ghost moths
  Louise (Swamp:3)
  2 broodmothers
  A very ugly thing (D:15)
  Nessos (Lair:5)
  6 eleionomae
  2 spark wasps (Spider:2)
  3 bunyips
  Snorg (Lair:3)
  4 entropy weavers
  A rakshasa (D:15)
  Fannar (D:11)
  2 shambling mangroves
  15 hydras
  6 ghost crabs
  Erolcha (D:9)
  6 radroaches
  3 catoblepae
  7 boulder beetles
  4 centaur warriors
  10 alligators
  4 ogre magi (Orc:2)
  A merfolk avatar (Lair:5)
  3 jorogumos
  12 death yaks
  18 two-headed ogres
  Urug (Orc:1)
  15 demonic crawlers
  A skyshark (Lair:5)
  Amaemon (D:9)
  5 skeletal warriors
  5 pharaoh ants
  2 goliath frogs
  12 orb spiders
  A sea snake (Lair:5)
  A glowing orange brain (D:15)
  4 spriggan druids
  A sun moth (Spider:3)
  A deep troll (shapeshifter) (D:15)
  14 swamp dragons
  3 bog bodies
  4 steelbarb worms
  3 orc knights
  2 death drakes (Swamp:2)
  19 ugly things
  A deep elf pyromancer (D:15)
  24 wolf spiders
  3 orc sorcerers
  9 will-o-the-wisps
  6 manticores
  7 cyclopes
  18 elephants
  5 moths of wrath
  2 black mambas
  A kobold blastminer (Orc:2)
  4 torpor snails
  An orange demon (D:9)
  2 gargoyles
  5 yaktaurs
  4 centaur skeletons (D:14)
  15 cane toads
  13 komodo dragons
  Maggie (D:6)
  2 kobold demonologists
  2 rime drakes (Lair:5)
  2 tengu conjurers (D:15)
  A freezing wraith (D:15)
  4 trolls
  9 meliai
  26 tarantellas
  2 polar bears
  9 hornets
  4 blink frogs (Lair:1)
  11 tyrant leeches
  2 snapping turtles (Lair:5)
  16 dream sheep
  17 jumping spiders
  16 culicivoras
  15 slime creatures
  A centaur simulacrum (D:15)
  11 spriggans
  4 hogs (Lair:5)
  A vampire (D:14)
  49 yaks
  2 wraiths
  3 wyverns
  4 wargs
  5 basilisks
  47 redbacks
  4 vampire mosquitoes (D:8)
  4 steam dragons
  Edmund (D:5)
  17 swamp worms
  3 acid dragons
  16 orc warriors
  14 water moccasins
  4 swamp drakes
  3 black bears
  28 ogres
  17 centaurs
  19 wolves
  6 kobold brigands
  17 bullfrogs
  3 gnoll sergeants
  8 wights
  13 killer bees
  7 howler monkeys
  4 electric eels
  3 lava snakes (Lair:3)
  2 jellies
  17 orc priests
  A sleepcap (D:5)
  Jessica (D:2)
  7 iguanas
  7 hell rats (Lair:3)
  Natasha (D:2)
  16 orc wizards
  Robin (D:1)
  7 adders
  21 gnolls
  A shadow imp (D:7)
  3 white imps
  2 worms
  A dart slug (D:4)
  40 orcs
  7 ball pythons
  5 bats
  7 endoplasms
  7 giant cockroaches
  16 goblins
  6 hobgoblins
  11 jackals
  18 kobolds
  5 quokkas
  3 rats
1017 creatures vanquished.

Vanquished Creatures (collateral kills)
  A hydra (Swamp:4)
  2 alligators (Swamp:1)
  A goliath frog (Swamp:1)
  A spriggan druid (Swamp:1)
  A wolf spider (Spider:4)
  A tyrant leech (Swamp:3)
  2 hornets (Swamp:1)
  4 spriggans (Swamp:1)
  A redback (Spider:4)
14 creatures vanquished.

Vanquished Creatures (others)
  4 bloated husks
  A hornet (Swamp:3)
  2 humans (Lair:5)
  A redback (Spider:1)
  2 swamp worms
  2 orcs (D:7)
  34 foxfires
46 creatures vanquished.

Grand Total: 1077 creatures vanquished

Notes
Turn   | Place    | Note
-------+----------+-------------------------------------------
     0 | D:1      | grandjackal the Demonspawn Gladiator began the quest for
                  | the Orb.
     0 | D:1      | Reached XP level 1. HP: 16/16 MP: 1/1
   152 | D:1      | Gained mutation: You have sharp fingernails. [demonic
                  | ancestry]
   152 | D:1      | Reached XP level 2. HP: 11/22 MP: 2/2
   862 | D:2      | Reached XP level 3. HP: 28/28 MP: 3/3
   908 | D:2      | Reached skill level 1 in Unarmed Combat
  1175 | D:2      | Noticed Natasha
  1182 | D:2      | Killed Natasha
  1183 | D:2      | Reached XP level 4. HP: 33/35 MP: 4/4
  1210 | D:2      | Found a faded altar of an unknown god.
  1211 | D:2      | Identified the +2 helmet of Relativism {rN+ Str+2 Dex-2}
  1211 | D:2      | Noticed Robin
  1281 | D:1      | Killed Robin
  1520 | D:2      | Noticed Jessica
  1528 | D:2      | Killed Jessica
  1728 | D:3      | Gained mutation: You regenerate magic rapidly. [demonic
                  | ancestry]
  1728 | D:3      | Reached XP level 5. HP: 41/41 MP: 5/5
  2644 | D:4      | Found a radiant altar of Vehumet.
  2698 | D:4      | Noticed a black bear
  2826 | D:4      | Found a staircase to the Ecumenical Temple.
  2884 | D:4      | Gained mutation: When hurt, damage is shared between your
                  | health and your magic reserves. [demonic ancestry]
  2884 | D:4      | Reached XP level 6. HP: 46/48 MP: 6/6
  2889 | Temple   | Entered the Ecumenical Temple
  2968 | Temple   | Became a worshipper of Makhleb the Destroyer
  3274 | D:3      | Reached skill level 5 in Dodging
  3274 | D:3      | Reached skill level 1 in Invocations
  3397 | D:4      | Reached skill level 2 in Invocations
  3508 | D:4      | Gained mutation: You have very sharp fingernails. [demonic
                  | ancestry]
  3508 | D:4      | Reached XP level 7. HP: 55/55 MP: 8/8
  3888 | D:5      | Entered Level 5 of the Dungeon
  3907 | D:5      | Noticed Edmund
  3951 | D:5      | Killed Edmund
  3952 | D:5      | Reached skill level 3 in Invocations
  4174 | D:5      | Reached * piety under Makhleb
  4175 | D:5      | Reached skill level 5 in Fighting
  4333 | D:5      | Reached skill level 4 in Invocations
  4698 | D:5      | Gained mutation: When low on magic, you restore magic in
                  | place of health. [demonic ancestry]
  4698 | D:5      | Reached XP level 8. HP: 38/62 MP: 8/11
  5131 | D:6      | Found Imeug's Antique Armour Shoppe.
  5207 | D:6      | Noticed Maggie
  5222 | D:6      | Reached skill level 5 in Invocations
  5245 | D:6      | Killed Maggie
  5249 | D:6      | Reached skill level 5 in Unarmed Combat
  5795 | D:6      | Reached skill level 6 in Invocations
  6254 | D:7      | Reached XP level 9. HP: 65/71 MP: 13/13
  6429 | D:7      | Found Qaesun's Book Boutique.
  7524 | D:8      | Reached ** piety under Makhleb
  7525 | D:8      | Reached skill level 7 in Invocations
  7810 | D:8      | Found a staircase to the Lair.
  8081 | D:8      | Found a runed translucent gate.
  8084 | D:8      | Found a runed translucent gate.
  8084 | D:8      | Found a runed translucent gate.
  8093 | D:8      | Noticed HilariousDeathArtist's ghost (novice DgHs)
  8138 | D:8      | Reached skill level 8 in Invocations
  8308 | D:8      | Gained mutation: You have claws for hands. [demonic
                  | ancestry]
  8308 | D:8      | Reached XP level 10. HP: 54/80 MP: 11/16
  8831 | D:9      | Noticed an orange demon
  8838 | D:9      | Noticed Amaemon
  8853 | D:8      | Reached skill level 10 in Dodging
  8990 | D:9      | Noticed Erolcha
  9001 | D:8      | Reached *** piety under Makhleb
  9100 | D:9      | Killed an orange demon
  9461 | D:9      | Noticed a cyclops
  9480 | D:8      | Reached skill level 9 in Invocations
  9719 | D:9      | Killed a cyclops
  9899 | D:9      | Found a staircase to the Orcish Mines.
 10067 | D:9      | Killed Erolcha
 10323 | D:9      | Killed Amaemon
 10324 | D:9      | Reached skill level 10 in Invocations
 10850 | D:10     | Entered Level 10 of the Dungeon
 10851 | D:10     | Found a transporter.
 10933 | D:10     | Found a transporter.
 10979 | D:10     | Found a transporter.
 10984 | D:10     | Found a transporter.
 11046 | D:10     | Found a transporter.
 11053 | D:10     | Found a transporter.
 11124 | D:10     | Gained mutation: Your demonic aura sometimes causes spilled
                  | blood to erupt in flames. [demonic ancestry]
 11124 | D:10     | Reached XP level 11. HP: 89/89 MP: 18/18
 11165 | D:10     | Found a shadowy altar of Dithmenos.
 11497 | D:11     | Noticed a two-headed ogre
 11503 | D:11     | Killed a two-headed ogre
 11582 | D:11     | Noticed a skeletal warrior
 11582 | D:11     | Noticed a skeletal warrior
 11582 | D:11     | Noticed a skeletal warrior
 11745 | Lair:1   | Entered Level 1 of the Lair of Beasts
 11771 | Lair:1   | Reached skill level 11 in Invocations
 11964 | Lair:1   | Reached **** piety under Makhleb
 12239 | Lair:1   | Reached skill level 10 in Fighting
 13397 | Lair:2   | Reached skill level 12 in Invocations
 13658 | Lair:2   | Gained mutation: You have a somewhat thin skeletal
                  | structure. (Dex +2, Stealth+) [demonic ancestry]
 13658 | Lair:2   | Reached XP level 12. HP: 98/98 MP: 21/21
 13675 | Lair:2   | Found a staircase to the Swamp.
 14062 | Lair:2   | Found a hole to the Spider Nest.
 15109 | Lair:3   | Reached skill level 13 in Invocations
 15226 | Lair:3   | Noticed Snorg
 15240 | Lair:3   | Killed Snorg
 15241 | Lair:3   | Reached skill level 10 in Unarmed Combat
 15336 | Lair:3   | Reached ***** piety under Makhleb
 15771 | Lair:3   | Reached XP level 13. HP: 106/106 MP: 23/23
 16165 | Lair:4   | Reached skill level 1 in Armour
 16350 | Lair:4   | Reached skill level 14 in Invocations
 17023 | Lair:5   | Entered Level 5 of the Lair of Beasts
 17023 | Lair:5   | Noticed Rupert
 17880 | Lair:5   | Noticed Kirke
 18346 | Lair:5   | Reached skill level 15 in Invocations
 18512 | Lair:5   | Noticed Nessos
 18542 | Lair:5   | Killed Nessos
 18543 | Lair:5   | Reached skill level 5 in Armour
 18543 | Lair:5   | Gained mutation: You have a moderately thin skeletal
                  | structure. (Dex +4, Stealth++) [demonic ancestry]
 18543 | Lair:5   | Reached XP level 14. HP: 36/116 MP: 14/25
 18921 | Lair:5   | Reached ****** piety under Makhleb
 19001 | Lair:5   | Found a staircase to the Slime Pits.
 19149 | Lair:4   | Noticed a sphinx
 19151 | Lair:4   | Killed Kirke
 19384 | Lair:5   | Paralysed by Rupert for 2 turns
 19392 | Lair:5   | Killed Rupert
 20002 | D:10     | Reached skill level 16 in Invocations
 20681 | D:11     | Noticed Fannar
 20695 | D:11     | Killed Fannar
 21975 | Orc:1    | Entered Level 1 of the Orcish Mines
 21975 | Orc:1    | Found Zuwoud Jorr's Antique Armour Emporium.
 21976 | Orc:1    | Noticed Urug
 21977 | Orc:1    | Found Dewkohis's Antique Weapon Boutique.
 22000 | Orc:1    | Killed Urug
 22155 | Orc:1    | Bought a glowing cloak for 225 gold pieces
 22287 | Orc:1    | Found Ofraask's Weapon Shop.
 22611 | Orc:1    | Found Abavvy's Distillery.
 22615 | Orc:1    | Found Saih's Distillery.
 22626 | Orc:1    | Bought a potion of heal wounds for 50 gold pieces
 22768 | Orc:2    | Entered Level 2 of the Orcish Mines
 22768 | Orc:2    | Found Hunyaruopp's Weapon Shop.
 22890 | Orc:2    | Found Lonec's Book Shop.
 22890 | Orc:2    | Found Joucewin's Distillery.
 22890 | Orc:2    | Found Qigo's General Store.
 22890 | Orc:2    | Found Osalualo's Antique Armour Boutique.
 22890 | Orc:2    | Found a staircase to the Elven Halls.
 23011 | Orc:2    | Paralysed by an ogre mage for 2 turns
 23049 | Orc:2    | Reached XP level 15. HP: 99/125 MP: 27/27
 23090 | Orc:2    | Reached skill level 17 in Invocations
 23368 | Orc:2    | Bought a scroll of fear for 56 gold pieces
 23368 | Orc:2    | Bought a scroll of teleportation for 42 gold pieces
 23370 | Orc:2    | Bought a potion of might for 56 gold pieces
 24093 | D:13     | Found a runed translucent gate.
 24093 | D:13     | Found a runed translucent gate.
 24093 | D:13     | Found a runed translucent gate.
 24094 | D:13     | Noticed pokeman's ghost (journeyman DEHW)
 24438 | D:13     | Found Yquxuh's Armour Boutique.
 25455 | D:14     | Found a gate to the Vaults.
 25908 | D:15     | Entered Level 15 of the Dungeon
 26826 | D:15     | Reached skill level 18 in Invocations
 26840 | D:15     | Paralysed by an orc sorcerer for 3 turns
 27520 | D:15     | Found a staircase to the Depths.
 27764 | D:15     | Reached skill level 15 in Fighting
 27976 | Spider:1 | Entered Level 1 of the Spider Nest
 28017 | Lair:2   | Reached XP level 16. HP: 123/136 MP: 26/29
 28176 | Swamp:1  | Entered Level 1 of the Swamp
 28177 | Swamp:1  | You fall into a shaft and drop 1 floor!
 29269 | Swamp:1  | Found a runed translucent gate.
 29270 | Swamp:1  | Found a runed translucent gate.
 29273 | Swamp:1  | Found a runed translucent gate.
 29313 | Swamp:1  | Noticed Eugor's ghost (adept DECj)
 29655 | Swamp:2  | Noticed Jorgrun
 29655 | Swamp:2  | Found a transporter.
 29660 | Swamp:2  | Noticed a tentacled monstrosity
 29668 | Swamp:2  | Killed Jorgrun
 29863 | Swamp:2  | Found a transporter.
 30397 | Swamp:2  | Reached skill level 19 in Invocations
 30483 | Swamp:2  | Reached skill level 10 in Armour
 30770 | Swamp:2  | Identified the +3 quarterstaff of the Skies Above {speed,
                  | *Slow rElec Str+2}
 31069 | Swamp:3  | Noticed lotum's ghost (adept OpEE)
 31070 | Swamp:3  | Found a transporter.
 31075 | Swamp:3  | Found a bloodstained altar of Trog.
 31088 | Swamp:3  | Found a transporter.
 31099 | Swamp:3  | Noticed a thorn hunter
 31116 | Swamp:3  | Killed a thorn hunter
 31137 | Swamp:3  | Identified the +3 kite shield of Vempa {Slay+5}
 31137 | Swamp:3  | Noticed Donald
 31152 | Swamp:3  | Killed Donald
 31777 | Swamp:3  | Noticed Mara
 31783 | Swamp:3  | Noticed grandjackal's illusion
 32078 | Swamp:3  | Noticed grandjackal's illusion
 32092 | Swamp:3  | Killed Mara
 32701 | Swamp:4  | Entered Level 4 of the Swamp
 32701 | Swamp:4  | Noticed Louise
 32716 | Swamp:3  | Killed Louise
 33391 | Swamp:4  | Gained mutation: You have an unnaturally thin skeletal
                  | structure. (Dex +6, Stealth+++) [demonic ancestry]
 33391 | Swamp:4  | Reached XP level 17. HP: 40/141 MP: 16/30
 33792 | Swamp:4  | Paralysed by a fenstrider witch for 5 turns
 34708 | Swamp:4  | Noticed the 27-headed Lernaean hydra
 34722 | Swamp:4  | Killed the 27-headed Lernaean hydra
 34728 | Swamp:4  | Reached skill level 20 in Invocations
 34918 | Swamp:4  | Reached skill level 15 in Unarmed Combat
 35032 | Swamp:4  | Got a decaying rune of Zot
 35441 | Lair:2   | HP: 3/145 [demonic crawler (8)]
 36368 | Spider:1 | Identified the maw talisman "Dudak" {SInv}
 36381 | Spider:1 | Noticed Mlioglotl
 36391 | Spider:1 | Noticed a dread lich
 36395 | Spider:1 | Killed Mlioglotl
 36627 | Spider:1 | Identified the +1 spear "Worm" {heavy, rPois Will+ Int+3
                  | Dex-2}
 37390 | Spider:2 | Reached skill level 21 in Invocations
 38188 | Spider:2 | Gained mutation: Your demonic aura often causes spilled
                  | blood to erupt in flames. [demonic ancestry]
 38188 | Spider:2 | Reached XP level 18. HP: 145/155 MP: 29/32
 38269 | Spider:2 | Identified a scroll of acquirement
 38281 | Spider:2 | Found a runed translucent gate.
 38282 | Spider:2 | Found a runed translucent gate.
 38282 | Spider:2 | Noticed Amauf's ghost (adept DjVM)
 38286 | Spider:2 | Acquired an amulet of regeneration
 38299 | Spider:2 | Found a runed translucent gate.
 38775 | Spider:3 | Noticed Asterion
 38961 | Spider:2 | Killed Asterion
 39186 | Spider:3 | Noticed Arachne
 39763 | Spider:3 | Killed Arachne
 40286 | Spider:4 | Entered Level 4 of the Spider Nest
 40410 | Spider:4 | Reached skill level 22 in Invocations
 40713 | Spider:4 | HP: 2/157 [orb spider simulacrum (16)]
 40715 | Spider:4 | Slain by a radroach simulacrum

Illustrated notes

Levels and vault maps discovered:
D:1:      dpeg_arrival_pits, layout_basic, kennysheep_small_spiral,
          minmay_hedge_maze
D:2:      layout_loops_ring, shapermc_ecumenical_altar_notcrosses,
          hangedman_glass_teeth, uniq_jessica, uniq_robin, uniq_natasha
D:3:      layout_loops_ring
D:4:      layout_loops_ring, general_overflow_altar, zin_statuary,
          minmay_temple_entry_junction, chequers_arboretum
D:5:      layout_loops_ring, uniq_edmund
D:6:      layout_basic, serial_shops, shop, chequers_jeans, uniq_maggie
D:7:      layout_layer_cave, serial_shops,
          nicolae_shop_competitors_out_of_business
D:8:      layout_basic, erik_lair_orcish_takeover, gammafunk_ghost_spectres
D:9:      layout_cross, minmay_orc_entry_temple_small, uniq_amaemon,
          uniq_erolcha
D:10:     layout_rooms, nicolae_dithmenos_shadow_blocks, serial_nicolae_subway,
          nicolae_sub_station_stone, nicolae_sub_station_metal,
          nicolae_sub_station_crystal
D:11:     layout_basic, uniq_fannar
D:12:     layout_stronghold, hangedman_decor_push
D:13:     layout_basic, gammafunk_ghost_necromancy, serial_shops, shop
D:14:     layout_loops_ring, hangedman_vaults_entry_quadrant_bands,
          amcnicky_mini_rare_corridor_liquid
D:15:     gammafunk_enter_depths_forms, layout_small_grid, nrook_campfire
Temple:   hellmonk_temple_of_storms
Lair:1:   layout_layer_cave, guppyfry_lair_drakes, serial_bayou_shore_a
Lair:2:   layout_regular_city, swamp_mist, spider_nest_entry_funnel_web,
          grunt_forest_stairs_clearing
Lair:3:   layout_misc_corridors, nicolae_lair_liquid_snakes,
          serial_bayou_shore_b, grunt_megastairs_4, uniq_snorg
Lair:4:   layout_regular_city, minivault_19
Lair:5:   gammafunk_lair_ancient_temple, layout_hall_layers, slime_entry_1,
          infiniplex_staircase_pool, uniq_rupert, uniq_nessos, uniq_kirke
Swamp:1:  layout_basic_swamp, gammafunk_ghost_hydra_chop, hangedman_swamp_cone,
          swamp_pool_4
Swamp:2:  gammafunk_sealed_arena, layout_basic_swamp, nicolae_swamp_bean_lake,
          uniq_jorgrun
Swamp:3:  cheibrodos_swamp_tower_of_moss, layout_basic_swamp,
          gammafunk_ghost_wrathful_warriors, evilmike_swamp_ruin_house_3,
          uniq_mara, uniq_donald
Swamp:4:  swamp_old_school, layout_basic_swamp, swamp_pool_4,
          cheibrodos_swamp_witchery, uniq_louise
Spider:1: layout_cave_pods, nicolae_crawler_farm, uniq_mlioglotl
Spider:2: nicolae_spider_mines_3, gammafunk_ghost_tricky_traps,
          hangedman_stitches_earthworm
Spider:3: layout_spider_delve, uniq_asterion, uniq_arachne
Spider:4: spider_rune_water
Orc:1:    layout_diamond_mine, serial_shops, nicolae_shop_industrial_runoff,
          shop, shop, shop, shop, uniq_urug
Orc:2:    st_orc_ogre_mass, layout_diamond_mine, serial_shops,
          nicolae_shop_bloodbath_and_beyond

Skill      XL: |  1  2  3  4  5  6  7  8  9 10 11 12 13 14 15 16 17 18 |
---------------+-------------------------------------------------------+-----
Throwing       | 2 |  2.0
Dodging        | 3 4 5 6 8 9 11 12 13 | 13.6
Unarmed Combat | 1 2 3 4 5 6 7 9 10 11 12 13 14 15 16 | 16.5
Fighting       | 3 4 5 6 7 9 10 11 12 13 15 16 17 18 | 18.1
Invocations    | 2 4 6 8 10 12 13 15 16 18 19 21 22 | 22.2
Armour         | 5 7 9 10 11 | 11.2
Long Blades    | |  2.8

Action                     |  1- 3 |  4- 6 |  7- 9 | 10-12 | 13-15 | 16-18 || total
---------------------------+-------+-------+-------+-------+-------+-------++-------
  Melee: Long sword        |    84 |    63 |       |       |       |       ||   147
         Punch             |     1 |     5 |    10 |    34 |   105 |   174 ||   329
         Unarmed           |       |   198 |   451 |   654 |  1199 |  1282 ||  3784
         Demon whip        |       |       |       |       |    17 |    57 ||    74
  Throw: Throwing net      |       |       |     1 |     4 |     1 |     2 ||     8
 Invoke: Greater Servant o |       |       |       |       |       |     9 ||     9
         Major Destruction |       |       |       |       |       |    36 ||    36
  Evoke: Wand              |       |       |       |     6 |    18 |     7 ||    31
    Use: Scroll            |       |       |    16 |     6 |    14 |    13 ||    49
         Potion            |       |       |     2 |     2 |       |    10 ||    14
   Stab: Sleeping          |     3 |     1 |       |     1 |    11 |    13 ||    29
         Distracted        |       |       |     1 |       |       |     5 ||     6
         Invisible         |       |       |       |     2 |       |       ||     2
 Armour: Leather armour    |    57 |   120 |   106 |       |       |       ||   283
         Steam dragon scal |       |       |   188 |   414 |   316 |       ||   918
         Acid dragon scale |       |       |       |       |   461 |  1566 ||  2027
  Dodge: Dodged            |    47 |   166 |   371 |   655 |  1124 |  1851 ||  4214

Table legend: (Time is in decaauts)
 A = Elapsed time spent in this place.
 B = Non-inter-level travel time spent in this place.
 C = Inter-level travel time spent in this place.
 D = Time resting spent in this place.
 E = Time spent auto-exploring this place.
 F = Levels seen in this place.
 G = Mean time per level.
                   A        B        C        D        E       F      G
               +--------+--------+--------+--------+--------+-----+--------+
         Total |  40432 |  38237 |   2195 |  11561 |  18511 |  31 | 1304.3 |
       Dungeon |  17750 |  16672 |   1078 |   3999 |   9468 |  15 | 1183.3 |
        Temple |     63 |     63 |      0 |      0 |      0 |   1 |   63.0 |
          Lair |   9300 |   8805 |    495 |   2979 |   4026 |   5 | 1860.0 |
         Swamp |   7042 |   6817 |    225 |   3208 |   2125 |   4 | 1760.5 |
   Spider Nest |   4581 |   4234 |    347 |   1203 |   1853 |   4 | 1145.2 |
  Orcish Mines |   1694 |   1645 |     49 |    171 |   1039 |   2 |  847.0 |
               +--------+--------+--------+--------+--------+-----+--------+

Top non-repeatable levels by time:
  Lair:2: 2487 daAuts
Spider:2: 2466 daAuts
  Lair:5: 2391 daAuts
 Swamp:3: 2257 daAuts
     D:8: 2096 daAuts
  Lair:1: 2037 daAuts
 Swamp:4: 2009 daAuts
 Swamp:1: 1842 daAuts
    D:15: 1638 daAuts
     D:7: 1413 daAuts
    D:14: 1360 daAuts
  Lair:4: 1334 daAuts
     D:6: 1282 daAuts
     D:5: 1198 daAuts
     D:9: 1164 daAuts
